Cogmind - Beta 13 @@@ ROGUE MODE // 2024.04.10 @ 09:28:28 Player: Broonsbane Result: Destroyed by H-61 Shepherd with Heavy Assault Cannon Performance ------------- Evolutions (3) 1500 Regions Visited (6) 1200 Robots Destroyed (64) 320 Value Destroyed (1859) 1859 Prototype IDs (26) 520 Alien Tech Used (0) 0 Bonus (277) 277 TOTAL SCORE: 5676 Bonus ------- Aligned with FarCom 300 Friendly Fire -23 Cogmind --------- Core Integrity 0/700 Matter 194/300 Energy 150/150 System Corruption 22% Temperature Cool (0) Movement Core (350) Ox6 Location -7/Factory Parts ------- > --- POWER (2) -------- Micro Nuclear Core > --- PROPULSION (4) --- (None) > --- UTILITY (4) ------ Melee Analysis Suite Improved Melee Analysis Suite Advanced ECM Suite > --- WEAPON (3) ------- Gauss Cannon Powered Hammer > --- INVENTORY (5) ---- Weapon Cycler Weapon Cycler Improved Spread Laser Improved Spread Laser Missile Launcher Peak State ------------ > --- POWER ------------ Light Deuterium Engine Light Deuterium Engine > --- PROPULSION ------- Titanium Leg Gravmag System Gravmag System > --- UTILITY ---------- Modified TNC Recoil Stabilizer Weapon Cycler Utility Shielding > --- WEAPON ----------- Flak Cannon Flak Cannon Mini Assault Cannon > --- INVENTORY -------- Medium Armor Plating Flak Cannon Missile Launcher Remote Datajack [Rating: 43] Favorites ----------- Power Ion Engine Engine Ion Engine Power Core Light Nuclear Core Propulsion Aluminum Leg Treads Light Treads Leg Aluminum Leg Wheel Armored Wheel Hover Unit Gravmag System Flight Unit Flight Unit Utility Modified TNC Device Weapon Cycler Storage Large Storage Unit Processor Modified TNC Protection Utility Shielding Weapon Assault Rifle Energy Gun Heavy EM Pulse Gun Energy Cannon Ion Cannon Ballistic Gun Assault Rifle Ballistic Cannon Flak Cannon Launcher Grenade Launcher Special Weapon Remote Datajack Impact Weapon Powered Hammer Build | -11 -10 -10 -10 -9 -8 -7 ------- Run | Yrd Mat Min Exi Min Mat Fac Slots Evolved 6 | . . . . . 4 2 Power 1 | . . . . . . 1 Propulsion 2 | . . . . . 1 1 Utility 2 | . . . . . 2 . Weapon 1 | . . . . . 1 . Parts Attached 101 | 6 17 . 1 4 40 33 Power 11 | 1 1 . . . 4 5 Engine 6 | 1 1 . . . 1 3 Core 5 | . . . . . 3 2 Reactor . | . . . . . . . Propulsion 31 | 2 7 . . 2 11 9 Treads 5 | 2 3 . . . . . Leg 11 | . 2 . . 1 8 . Wheel 6 | . . . . . 2 4 Hover 8 | . 2 . . 1 . 5 Flight 1 | . . . . . 1 . Utility 22 | 1 4 . 1 . 9 7 Device 8 | . 1 . . . 3 4 Storage 4 | 1 1 . . . 2 . Processor 4 | . 1 . 1 . . 2 Hackware . | . . . . . . . Protection 6 | . 1 . . . 4 1 Artifact . | . . . . . . . Weapon 37 | 2 5 . . 2 16 12 Energy Gun 11 | . . . . 1 6 4 Energy Cannon 2 | . . . . . 2 . Ballistic Gun 10 | 2 3 . . . 4 1 Ballistic Cannon 7 | . . . . . 3 4 Launcher 5 | . 2 . . 1 1 1 Special Weapon 1 | . . . . . . 1 Impact Weapon 1 | . . . . . . 1 Slashing Weapon . | . . . . . . . Piercing Weapon . | . . . . . . . Special Melee Weapon . | . . . . . . . Unidentified Prototypes 1 | . . . 1 . . . Parts Lost 43 | . 1 . . 3 18 21 Power 5 | . . . . . 2 3 Propulsion 20 | . 1 . . 2 7 10 Utility 6 | . . . . . 2 4 Weapon 12 | . . . . 1 7 4 Highest Loss Streak 8 | . 1 . . 3 8 8 To Critical Strikes . | . . . . . . . Average Slot Usage (%) 87 | . 97 100 100 84 89 74 Engine 7 | . 14 14 14 14 1 4 Core 2 | . . . . . 6 2 Treads 5 | . 23 . . . . . Leg 13 | . 3 28 28 14 17 9 Wheel 3 | . . . . . 4 5 Hover 1 | . . . . . . 5 Device 7 | . 8 . . . 7 11 Storage 4 | . 13 . . . 3 2 Processor 10 | . 5 14 22 28 12 5 Protection 5 | . . 14 5 . 9 5 Energy Gun 3 | . . . . 12 8 2 Energy Cannon 1 | . . . . . 6 . Ballistic Gun 10 | . 26 28 28 1 4 . Ballistic Cannon 5 | . . . . . 5 13 Launcher 1 | . . . . 13 1 . Naked Turns . | . . . . . . . Heaviest Build 37 | 14 31 10 10 9 37 29 Greatest Support 40 | 40 40 20 20 10 40 40 Greatest Overweight (x) 10 | . 9 . . 2 10 7 Average Overweight (x) . | . . . . . . . Largest Inventory Capacity 15 | 8 15 5 5 5 5 5 Average Capacity 6 | 7 13 5 5 5 5 5 Most Carried 5 | 4 5 4 5 5 5 5 Average Carried 4 | 2 4 4 4 4 3 4 Final Capacity 8 | 8 5 5 5 5 5 5 Final Carried 5 | 4 4 4 5 5 4 5 Class Distribution -------------------- 57% | Mutant 32% | Skirmisher 9% | Scavenger-Skirmisher Dominant Class ---------------- Mutant | -10/Materials Mutant | -10/Mines Mutant | -10/Exiles Mutant | -9/Mines Skirmisher | -8/Materials Skirmisher | -7/Factory Resources | -11 -10 -10 -10 -9 -8 -7 ----------- Run | Yrd Mat Min Exi Min Mat Fac Matter Collected 2102 | 203 343 74 . 180 794 508 Remotely . | . . . . . . . Salvage Created 2058 | . 323 . . 134 1231 370 Parts 129 | 1 27 . . 5 69 27 Haulers Intercepted 2 | . . . . . 2 . Recyclers Shooed 3 | . 1 . . . 2 . Parts Field Recycled . | . . . . . . . Retrieved Matter . | . . . . . . . Parts Self-Destructed . | . . . . . . . Prevented . | . . . . . . . Kills | -11 -10 -10 -10 -9 -8 -7 ------- Run | Yrd Mat Min Exi Min Mat Fac Combat Hostiles Destroyed 40 | . 8 . . 5 21 6 Guns 22 | . 7 . . . 14 1 Cannons 9 | . . . . . 6 3 AOE 9 | . 1 . . 5 1 2 Classes Destroyed 13 | 1 6 . . 1 4 1 Worker 5 | . 1 . . . 3 1 Builder 4 | . 1 . . . 2 1 Tunneler 1 | 1 . . . . . . Hauler 2 | . . . . . 2 . Recycler 2 | . . . . . 1 1 Operator 4 | . 2 . . . 2 . Watcher 6 | . 1 . . . 3 2 Swarmer 10 | . 3 . . . 7 . Grunt 19 | . 5 . . 4 10 . Duelist 2 | . . . . 1 1 . Sentry 2 | . . . . . 2 . Hunter 1 | . . . . . 1 . Programmer 6 | . . . . . . 6 Best Kill Streak 6 | 1 4 . . 3 6 2 Combat Bots Only 5 | . 2 . . 3 5 2 Max Kills in Single Turn 2 | 1 1 . . 2 2 1 Gunslinging . | . . . . . . . Exploded 2 | . 1 . . 2 1 1 Melee . | . . . . . . . Uniques/NPCs Destroyed . | . . . . . . . Combat | -11 -10 -10 -10 -9 -8 -7 -------- Run | Yrd Mat Min Exi Min Mat Fac Hostile Shots Fired 535 | . 78 . . 23 189 245 Missed 164 | . 20 . . 6 41 97 Damage Taken 5753 | . 564 . . 364 2230 2595 Core 1225 | . 92 . . 93 340 700 Absorbed by Shields . | . . . . . . . Redirected to Shielding 42 | . . . . . 20 22 Core Remaining (%) 54 | 100 . . . 26 38 . Volleys Fired 178 | . 40 . . 9 101 28 Largest 3 | . 2 . . 2 3 3 Hottest 155 | . 50 . . 70 155 153 Shots Fired 397 | . 75 . . 13 239 70 Gun 251 | . 72 . . 8 144 27 Cannon 129 | . . . . . 89 40 Launcher 17 | . 3 . . 5 6 3 Special . | . . . . . . . Kinetic 232 | . 72 . . 6 109 45 Thermal 89 | . . . . 2 65 22 Explosive 17 | . 3 . . 5 6 3 Electromagnetic 59 | . . . . . 59 . Robot Hit Streak 10 | . 4 . . 8 10 4 Robot Miss Streak 12 | . 5 . . 1 12 9 Penetration Max . | . . . . . . . Secondary Targets . | . . . . . . . Shots Hit Robots 233 | . 36 . . 11 140 46 Core Hits 122 | . 18 . . 8 68 28 Critical Kills . | . . . . . . . Critical Parts Destroyed . | . . . . . . . Critical Strikes 2 | . . . . . 2 . Corrupt 2 | . . . . . 2 . Melee Attacks 8 | . . . . . . 8 Impact 8 | . . . . . . 8 Slashing . | . . . . . . . Piercing . | . . . . . . . Sneak Attacks 2 | . . . . . . 2 Combat Hostiles . | . . . . . . . Follow-up Attacks . | . . . . . . . Damage Inflicted 4986 | 1 614 . . 418 2891 1062 Guns 1939 | . 453 . . 75 1210 201 Cannons 1708 | . . . . . 1312 396 Explosions 1020 | . 157 . . 341 352 170 Melee 242 | . . . . . . 242 Ramming 77 | 1 4 . . 2 17 53 Kinetic 1940 | . 453 . . 64 942 481 Thermal 1254 | . . . . 11 1127 116 Explosive 924 | . 157 . . 341 256 170 Electromagnetic 549 | . . . . . 549 . Impact 242 | . . . . . . 242 Slashing . | . . . . . . . Piercing . | . . . . . . . Highest Corruption 22 | . 2 2 2 2 4 22 Average Corruption 5 | . 2 2 2 2 3 10 Corruption Purged . | . . . . . . . Corruption Blocked . | . . . . . . . Effects 95 | . 19 . 7 4 11 54 Message Errors 25 | . 3 . 2 2 4 14 Matter Fused 22 | . 7 . 1 1 1 12 Heat Flow Errors 12 | . 1 . 2 . 3 6 Energy Discharges 3 | . 1 . . . . 2 Parts Rejected 4 | . 1 . . . . 3 Parts Fused 1 | . 1 . . . . . Data Loss (minor) 11 | . 2 . 2 . . 7 Data Loss (major) 6 | . 2 . . . 2 2 Misfires 7 | . 1 . . . 1 5 Alerts 1 | . . . . . . 1 Misdirections 1 | . . . . . . 1 Weapon Failures 2 | . . . . 1 . 1 Overload Shots . | . . . . . . . Overflow Damage 265 | . . . . 5 65 195 Projectiles 11 | . . . . . 2 9 Explosions 95 | . . . . 5 63 27 Melee 159 | . . . . . . 159 Knockbacks 27 | . . . . . 5 22 Impact 5 | . . . . . 1 4 Kinetic 21 | . . . . . 4 17 Secondary 1 | . . . . . . 1 Self-Inflicted Damage 275 | . 27 . . 73 33 142 Shots 10 | . 2 . . 4 2 2 Rammed 26 | 2 1 . . . . 23 Targets Rammed 32 | 3 2 . . 1 3 23 Kicked 4 | . . . . 1 3 . Crushed 2 | 1 1 . . . . . Highest Temperature 578 | . 188 . 252 18 578 199 Average Temperature 120 | . 68 . 125 7 147 60 Received Heat Transfer 1080 | . 147 . . 87 657 189 Effects 24 | . . . . . 24 . Energy Bleed 4 | . . . . . 4 . Interference 6 | . . . . . 6 . Matter Decay 3 | . . . . . 3 . Short Circuit 1 | . . . . . 1 . Damage (minor) 4 | . . . . . 4 . Damage (major) 6 | . . . . . 6 . Siege Activations . | . . . . . . . Robots Corrupted . | . . . . . . . Combat Hostiles . | . . . . . . . Parts Fried 7 | . . . . . . 7 Impact Corruptions 3 | . . . . . . 3 Robots Melted . | . . . . . . . Combat Hostiles . | . . . . . . . Parts Melted 2 | . . . . . 1 1 Heat Transferred 1938 | . . . . 25 1617 296 Parts Sabotaged . | . . . . . . . Parts Stolen . | . . . . . . . Parts Stripped . | . . . . . . . Power Chain Reactions 2 | . . . . . 2 . Alert | -11 -10 -10 -10 -9 -8 -7 ------- Run | Yrd Mat Min Exi Min Mat Fac Peak Influence 291 | 5 98 25 . 129 291 248 Initial 117 | . 3 25 . . 50 117 Average 85 | 1 30 25 . 76 125 99 Maximum Alert Level 1 | . . . . . 1 1 Low Security (%) 88 | 100 100 100 . 100 78 86 Level 1 11 | . . . . . 21 13 Level 2 . | . . . . . . . Level 3 . | . . . . . . . Level 4 . | . . . . . . . Level 5 . | . . . . . . . High Security . | . . . . . . . Max Security . | . . . . . . . Squads Dispatched 17 | . 2 . . 1 5 9 Investigation 1 | . . . . 1 . . Extermination 5 | . . . . . . 5 Reinforcement 8 | . 2 . . . 5 1 Assault . | . . . . . . . Garrison 3 | . . . . . . 3 Intercept . | . . . . . . . Searches Triggered . | . . . . . . . Construction Impeded 2 | . . . . . 1 1 Haulers Reinforced . | . . . . . . . Active Scanning Responses . | . . . . . . . Cargo Convoy Interrupts . | . . . . . . . Stealth | -11 -10 -10 -10 -9 -8 -7 --------- Run | Yrd Mat Min Exi Min Mat Fac Distress Signals 4 | . 1 . . . 3 . Communications Jammed . | . . . . . . . Distress Signals . | . . . . . . . Times Spotted 77 | . 11 . . 5 38 23 Peak Tracking Total 8 | . 3 . . 3 7 8 Tactical Retreats 9 | . 1 . . . 2 6 Traps | -11 -10 -10 -10 -9 -8 -7 ------- Run | Yrd Mat Min Exi Min Mat Fac Traps Triggered 8 | . 3 . . . 2 3 Indirectly . | . . . . . . . Trap Hack Attempts . | . . . . . . . Triggered . | . . . . . . . Disarmed . | . . . . . . . Reprogrammed . | . . . . . . . Reused . | . . . . . . . Traps Extracted . | . . . . . . . Installed . | . . . . . . . Triggered . | . . . . . . . Machines | -11 -10 -10 -10 -9 -8 -7 ---------- Run | Yrd Mat Min Exi Min Mat Fac Machines Disabled 11 | . 1 . . . 5 5 Max in Single Turn 2 | . 1 . . . 2 2 Machines Repaired . | . . . . . . . Machines Dismantled . | . . . . . . . Machines Sabotaged . | . . . . . . . Overloaded Fab Kills . | . . . . . . . Hacking | -11 -10 -10 -10 -9 -8 -7 --------- Run | Yrd Mat Min Exi Min Mat Fac Machines Accessed 10 | . . . 5 1 1 3 Terminals 2 | . . . . . . 2 Fabricators . | . . . . . . . Repair Stations . | . . . . . . . Recycling Units . | . . . . . . . Scanalyzers 2 | . . . . . 1 1 Garrison Access . | . . . . . . . Total Hacks 58 | . . . 50 1 2 5 Successful 56 | . . . 50 1 2 3 Failed 2 | . . . . . . 2 Catastrophic . | . . . . . . . Database Lockouts . | . . . . . . . Manual 2 | . . . 2 . . . Terminals 3 | . . . . . . 3 Fabricators . | . . . . . . . Repair Stations . | . . . . . . . Recycling Units . | . . . . . . . Scanalyzers 4 | . . . . . 2 2 Garrison Access . | . . . . . . . Terminal Hacks 53 | . . . 50 1 . 2 Record 49 | . . . 49 . . . Open Door 1 | . . . . 1 . . Open DSF 2 | . . . . . . 2 Derelict Proto ID Bank 1 | . . . 1 . . . Fabricator Hacks . | . . . . . . . Repair Station Hacks . | . . . . . . . Recycling Unit Hacks . | . . . . . . . Scanalyzer 3 | . . . . . 2 1 Insert Component 3 | . . . . . 2 1 Garrison Access Hacks . | . . . . . . . Unauthorized Hacks . | . . . . . . . Terminals . | . . . . . . . Fabricators . | . . . . . . . Repair Stations . | . . . . . . . Recycling Units . | . . . . . . . Scanalyzers . | . . . . . . . Garrison Access . | . . . . . . . Data Cores Recovered . | . . . . . . . Used . | . . . . . . . Hacking Detections 4 | . . . . . 1 3 Full Trace Events . | . . . . . . . Feedback Events . | . . . . . . . Feedback Blocked . | . . . . . . . Robot Schematics Acquired . | . . . . . . . Robots Built . | . . . . . . . Authchips . | . . . . . . . Time . | . . . . . . . Total Robot Build Rating . | . . . . . . . Part Schematics Acquired . | . . . . . . . Parts Built . | . . . . . . . Authchips . | . . . . . . . Time . | . . . . . . . Total Part Build Rating . | . . . . . . . Parts Repaired . | . . . . . . . Time . | . . . . . . . Parts Recycled . | . . . . . . . Recycled Matter . | . . . . . . . Retrieved Matter . | . . . . . . . Retrieved Components . | . . . . . . . Parts Scanalyzed . | . . . . . . . Part Schematics Acquired . | . . . . . . . Parts Damaged . | . . . . . . . Bothacking | -11 -10 -10 -10 -9 -8 -7 ------------ Run | Yrd Mat Min Exi Min Mat Fac Used RIF Installer . | . . . . . . . Robots Hacked . | . . . . . . . Non-combat . | . . . . . . . Combat . | . . . . . . . Robot Hacks Applied . | . . . . . . . Relay Couplers Released . | . . . . . . . Fabnet Peak Effective % . | . . . . . . . Robots Rewired 1 | . . . . . 1 . Allies Hacked . | . . . . . . . Hacks Repelled . | . . . . . . . Allies | -11 -10 -10 -10 -9 -8 -7 -------- Run | Yrd Mat Min Exi Min Mat Fac Total Allies 1 | . . . . . 1 . Largest Group 1 | . . . . . 1 . Highest-Rated Group 15 | . . . . . 15 . Highest-Rated Ally 15 | . . . . . 15 . Total Orders . | . . . . . . . Ally Attacks 3 | . . . . . 3 . Total Damage 15 | . . . . . 15 . Kills . | . . . . . . . Allies Corrupted . | . . . . . . . Allies Melted . | . . . . . . . Intel | -11 -10 -10 -10 -9 -8 -7 ------- Run | Yrd Mat Min Exi Min Mat Fac Robot Analysis Total . | . . . . . . . Derelict Logs Recovered 1 | . . . . 1 . . Drone Launches . | . . . . . . . Drone Recoveries . | . . . . . . . Exploration | -11 -10 -10 -10 -9 -8 -7 ------------- Run | Yrd Mat Min Exi Min Mat Fac Turns Passed 6518 | 164 1419 69 813 228 1701 2124 Spaces Moved 4320 | 89 762 58 675 167 816 1753 Core 155 | 2 2 . . 4 6 141 Treads 738 | 87 651 . . . . . Legs 2313 | . 101 58 675 150 678 651 Wheels 745 | . . . . . 109 636 Hover 369 | . 8 . . 13 23 325 Flight . | . . . . . . . Fastest Speed 50 | 50 56 120 120 70 70 50 Average Speed 123 | 157 162 120 120 116 125 107 Slowest Speed 550 | 160 500 120 120 150 550 400 Overloaded Moves . | . . . . . . . Propulsion Burnouts . | . . . . . . . Robots Hopped . | . . . . . . . Cave-ins Triggered . | . . . . . . . Exploration Rate (%) 45 | 7 91 17 93 35 44 30 Regions Visited 6 Branch Regions 3 Pre-discovered Areas 2 | . . . 1 1 . . Known Exits Taken 4 | . 1 1 1 1 . . Unknown Exits Taken 2 | 1 . . . . 1 . Scrap Searched 1 | . . 1 . . . . Spaces Dug 4 | . . . . . . 4 Terrain Destroyed 134 | . 15 . . 20 59 40 Melee 4 | . . . . . . 4 Projectile 17 | . . . . . 16 1 AOE 113 | . 15 . . 20 43 35 Terrain Rammed . | . . . . . . . Walls Destroyed . | . . . . . . . Machines Disabled . | . . . . . . . Actions | -11 -10 -10 -10 -9 -8 -7 --------- Run | Yrd Mat Min Exi Min Mat Fac Total 5107 | 108 866 57 678 184 1294 1920 Wait 386 | 7 28 . . . 299 52 Move 4314 | 88 761 57 674 166 815 1753 Hop . | . . . . . . . Pick Up 31 | 4 5 . 1 2 10 9 Fast Attach 70 | 6 11 . 1 3 29 20 Attach 21 | . 3 . . 1 8 9 Detach 11 | . 2 . 1 . 4 4 Swap 10 | . 3 . . . 3 4 Drop 41 | . 11 . 1 1 18 10 Fire 178 | . 40 . . 9 101 28 Melee 8 | . . . . . . 8 Ram 23 | . . . . . . 23 Kick 4 | . . . . 1 3 . Crush 5 | 3 2 . . . . . Escape Stasis . | . . . . . . . Rewire 5 | . . . . 1 4 . Trap . | . . . . . . . Miscellaneous . | . . . . . . . Route ------- -11/Scrapyard -10/Materials (discovered 5 exits: *Mat x3 / *Min x2) -10/Mines -10/Exiles (discovered 2 exits: *Min x2) -9/Mines -8/Materials -7/Factory (discovered 1 exit: [*Fac]) History --------- Turn | Location | Event 69 | -11/Scrapyard | Discovered new exit (range 13) 165 | -11/Scrapyard | Entered Materials 237 | -10/Materials | Met 8R-AWN 284 | -10/Materials | Discovered new exit (range 16) 307 | -10/Materials | Build established: Mutant 598 | -10/Materials | Discovered new exit (range 16) 691 | -10/Materials | Discovered new exit (range 16) 970 | -10/Materials | Discovered new exit (range 16) 1130 | -10/Materials | Identified exit to Mines 1172 | -10/Materials | Discovered new exit (range 7) 1180 | -10/Materials | Identified exit to Materials 1584 | -10/Materials | Entered Mines 1586 | -10/Mines | Followed 8R-AWN into the Mines 1647 | -10/Mines | Discovered new exit (range 5) 1650 | -10/Mines | Identified exit to Exiles 1653 | -10/Mines | Entered Exiles 1676 | -10/Exiles | Discovered new exit (range 15) 1704 | -10/Exiles | Identified exit to Mines 1740 | -10/Exiles | Welcomed by 8R-AWN 1777 | -10/Exiles | Met EX-HEX 1833 | -10/Exiles | Met EX-BIN 1860 | -10/Exiles | Aligned with FarCom system 1861 | -10/Exiles | Given EX-Vault access code 1943 | -10/Exiles | Opened EX-Vault 1953 | -10/Exiles | Found Prototype Processor 1953 | -10/Exiles | Identified Modified TNC 2001 | -10/Exiles | Warned to stay clear of 0b10 Research branches 2032 | -10/Exiles | Met EX-DEC 2062 | -10/Exiles | Learned location of Zion (-7) 2122 | -10/Exiles | Discovered exit to Mines (range 14) 2236 | -10/Exiles | Visited The Gauntlet 2466 | -10/Exiles | Left Exiles lab with Modified TNC 2466 | -10/Exiles | Entered Mines 2475 | -9/Mines | Core integrity fell below 50% 2493 | -9/Mines | Met a Derelict bent on vengeance 2511 | -9/Mines | Lost 3 parts (2n1w) 2561 | -9/Mines | Found a damaged Exp. Sensor Array with a note attached 2563 | -9/Mines | Found Prototype Device 2569 | -9/Mines | Learned location of Storage (-9) 2648 | -9/Mines | Discovered new exit (range 5) 2654 | -9/Mines | Identified exit to Materials 2662 | -9/Mines | Met a Derelict shopkeep closing up shop 2694 | -9/Mines | Entered Materials 2694 | -8/Materials | Evolved 4 slots: Propulsion x1, Utility x2, Weapon x1 2871 | -8/Materials | Lost 4 parts (2n2w) 3159 | -8/Materials | Build established: Skirmisher 3358 | -8/Materials | Lost 5 parts (2n1u2w) 3600 | -8/Materials | Identified Exp. Sensor Array 3679 | -8/Materials | Core integrity fell below 50% 3755 | -8/Materials | Lost 8 parts (1p3n1u3w) 4119 | -8/Materials | Build established: Scavenger-Skirmisher 4361 | -8/Materials | Discovered new exit (range 16) 4395 | -8/Materials | Entered Factory 4395 | -7/Factory | Evolved 2 slots: Power x1, Propulsion x1 4441 | -7/Factory | Build established: Skirmisher 5213 | -7/Factory | Garrison activated, responded to threat 5707 | -7/Factory | System corruption reached 10% 5794 | -7/Factory | Lost 8 parts (1p3n2u2w) 5823 | -7/Factory | Core integrity fell below 50% 5908 | -7/Factory | Core integrity fell below 20% 6209 | -7/Factory | Build established: Mutant 6506 | -7/Factory | Discovered new exit (range 15) 6519 | -7/Factory | Destroyed by H-61 Shepherd with Heavy Assault Cannon Last Messages --------------- System corrupted: Matter fused (-10). VJ07AOM4F 1BO CGIH1GP& Arm. Wheel destroyed. System corrupted: FCS attempts to trigger Gauss Cannon. System corrupted: Gauss Cannon misfires. P-60 Hacker knocked back. P-60 Hacker destroyed. Acquired 32 matter. Acquired Mic. Nuclear Core. Dropped Backup Laser I. System corrupted: Energy discharge (-78). Mic. Nuclear Core destroyed. EXIT=FOUND Wheel destroyed. Critical hit (Blast). Knocked back. Penetrated by Slug. Shock Absorption System destroyed. System corrupted: Component data lost. Map ----- +----------------------------------------------------+ | # ????????????????# ??"" ????????????? | | /?????????????????# #? ?????????????? | | #?????????????????# ###"##########?????? | | ??????????????????# # #?????? | | ? ???????????????????# # #?????? | | ? ??????############### # #?????? | | ##+######## # #?????? | | # """"" # """"" #?????? | | # ""T"" # """"" #?????? | | """"""" + """ #?????? | | """"""" # #?????? | | """"""" # """"" #?????? | | ! g """"""" # """"" #?????? | | ! b # """ #?????? | | !! gg # #?????? | | ##+########### T######### ##############?????? | | ???????????############## #??????????????????? | | ???????????# # ##########?????????? | | ???????????# # # #?????????? | | ???????????# # # #?????????? | | ???????????# """ """ # # #?????????? | | ???????????# """ """ # % # #?????????? | | ???????????# """ """ + !# #?????????? | | ???????????# # !+ #?????????? | | ???????????# """ """ ;% [#| #?????????? | | ???????????# """ """ #@ % # #?????????? | | ???????????# """ """ # % # #?????????? | | ???????????# # ####"#########?????? | | ???????????# # # [ #?????? | | ???????????############## # #?????? | | ????????????????????????; % # #?????? | | ????????????????????????# # #?????? | | ????????????????????????# # #?????? | | ????????????????????????# # """" """" #?????? | | ????????????????????????# # """" """" #?????? | | ????????????????????????# # """" """" #?????? | | ????????????????????????# # """" """" #?????? | | ????????????????????????+ + """" """" #?????? | | ????????????????????????? # """" """" #?????? | | ????????????????????????? # #?????? | | ????????????????????????? ############"#?????? | | ????????????????????????? ??????????###?????? | | ????????????????????????? H ??????????????????? | | ?????????????????????????